 Dungeon Crawl Stone Soup version 0.26-a0-597-gb535b0901c (webtiles) character file.

Game seed: 12675733844974291929

31 Flugslaktarn the Skirmisher (level 3, -4/33 HPs)
             Began as a Minotaur Fighter on Sept 13, 2020.
             Slain by Grinder (8 damage)
             ... while paralysed by Grinder
             ... on level 3 of the Dungeon.
             The game lasted 00:00:23 (469 turns).

Flugslaktarn the Skirmisher (Minotaur Fighter)       Turns: 469, Time: 00:00:24

Health: -4/33      AC:  7    Str: 20    XL:     3   Next: 7%
Magic:  2/2        EV:  2    Int:  6    God:
Gold:   24         SH:  0    Dex:  9    Spells: 2/2 levels left

rFire    . . .     SeeInvis .   a - +0 war axe
rCold    . . .     Faith    .   c - +0 kite shield
rNeg     . . .     Spirit   .   b - +0 scale mail
rPois    .         Reflect  .   (helmet restricted)
rElec    .         Harm     .   (no cloak)
rCorr    .                      (no gloves)
MR       .....                  (no boots)
Stlth    ..........             (no amulet)
HPRegen  0.11/turn              (no ring)
MPRegen  0.08/turn              (no ring)

@: paralysed
A: retaliatory headbutt, horns 2
a: no special abilities


You were on level 3 of the Dungeon.
You visited 1 branch of the dungeon, and saw 4 of its levels.

You collected 24 gold pieces.

Inventory:

Hand Weapons
 a - a +0 war axe (weapon)
Armour
 b - a +0 scale mail (worn)
 c - a +0 kite shield (worn)
Jewellery
 e - a +6 ring of strength {unknown}
   (You found it on level 1 of the Dungeon)
Scrolls
 f - a scroll of identify {unknown}
 g - a scroll of random uselessness {unknown}
 h - a scroll of fog {unknown}
Potions
 d - a potion of might


   Skills:
 * Level 4.1 Fighting
 * Level 3.2 Axes
 + Level 3.9 Armour
 + Level 3.9 Shields


You had 2 spell levels left.
You didn't know any spells.
Your spell library was empty.

Dungeon Overview and Level Annotations

Branches:
Dungeon (4/15)
 Temple: D:4-7

Altars:

Annotations:
D:3 Grinder


Innate Abilities, Weirdness & Mutations

You reflexively headbutt those who attack you in melee.
You have a pair of horns on your head.


Message History

You hit Grinder.
Grinder is moderately wounded.
Grinder hits you.
* * * LOW HITPOINT WARNING * * *
You writhe in agony.
* * * LOW HITPOINT WARNING * * *
You are too injured to fight recklessly!
You are too injured to fight recklessly!
You hit Grinder.
Grinder is heavily wounded.
Grinder hits you but does no damage. You block Grinder's attack.
You slash Grinder!
Grinder is severely wounded.
Grinder gestures at you.
You suddenly lose the ability to move!
Grinder gestures at you. Pain shoots through your body!
* * * LOW HITPOINT WARNING * * *
Grinder hits you!
You die...

#. # .. #.##.##
.#...# ....# #.#.# #
#########)#.#.#
..........@5..#
#########..#.##
#............#
#............#
#........#.#.#
#........+.#.#
#........#...#######
####'#........>....#
#.#.####.#.####.#


You could see Grinder.

Vanquished Creatures
  An ooze (D:1)
  2 dart slugs
  2 leopard geckos (D:4)
  3 orcs
  4 goblins
  A ball python (D:1)
  2 bats
  A frilled lizard (D:2)
  3 kobolds (D:1)
  A rat (D:1)
20 creatures vanquished.

Notes
Turn   | Place    | Note
-------+----------+-------------------------------------------
     0 | D:1      | Flugslaktarn the Minotaur Fighter began the quest for the
                  | Orb.
     0 | D:1      | Reached XP level 1. HP: 19/19 MP: 0/0
   273 | D:1      | Reached XP level 2. HP: 25/27 MP: 1/1
   326 | D:1      | Reached skill level 4 in Fighting
   431 | D:4      | Noticed Grinder
   460 | D:4      | Reached XP level 3. HP: 22/33 MP: 2/2
   467 | D:3      | Paralysed by Grinder for 3 turns
   469 | D:3      | Slain by Grinder

Illustrated notes

Levels and vault maps discovered:
D:1:      lemuel_arrival_tunnels, layout_loops_corners, minmay_door_square
D:2:      layout_loops_ring
D:3:      layout_basic, lemuel_doored_altar, lemuel_old_faithful
D:4:      layout_basic, gammafunk_temple_overflow_wave,
          corexii_leaking_fountain, st_stairs_12, uniq_grinder

Skill      XL: |  1  2 |
---------------+-------+-----
Fighting       | 4 |  4.1
Axes           | 3 |  3.2
Armour         | |  3.9
Shields        | |  3.9

Action                   || total
-------------------------++-------
Melee: War axe           ||    56
       Headbutt          ||     4
Armor: Scale mail        ||    31
Dodge: Dodged            ||    14
Block: Kite shield       ||    39

Table legend: (Time is in decaauts)
 A = Elapsed time spent in this place.
 B = Non-inter-level travel time spent in this place.
 C = Inter-level travel time spent in this place.
 D = Time resting spent in this place.
 E = Time spent auto-exploring this place.
 F = Levels seen in this place.
 G = Mean time per level.
                   A        B        C        D        E       F      G
               +--------+--------+--------+--------+--------+-----+--------+
         Total |    494 |    468 |     26 |     16 |    302 |   4 |  123.5 |
       Dungeon |    494 |    468 |     26 |     16 |    302 |   4 |  123.5 |
               +--------+--------+--------+--------+--------+-----+--------+

Top non-repeatable levels by time:
     D:1: 360 daAuts
     D:3: 83 daAuts
     D:2: 34 daAuts
     D:4: 15 daAuts
